AoeStats
← hvon2749

Black Forest

504633780Analyzed
4v4 RM · 28d ago on Sep 6, 2026· 54m 22s· 8 players
Game mode
Random Map
Map size
Large (8 player)
Population
200
Speed
Normal
Resources
Standard
Victory
Conquest
Starting age
Dark Age
Ending age
Imperial Age
RankedLock teamsTeams togetherTeam positionsShared explorationLock speedFull tech treeHidden civsTurbo modeCheats
Victory
Defeat
🇵🇪 Turks · Peru
734
+8
🇨🇳 Byzantines · China
684
+10
🇮🇱 Byzantines · Israel
683
+10
🇺🇸 Spanish · United States
675
+10
🇧🇷 Mongols · Brazil
619
-11
🇺🇸 Persians · United States
545
-10
🇨🇱 Poles · Chile
518
-9
🇲🇽 Huns · Mexico
505
-8
WakaFlakaLane
17:53 Feudal Age
19:12 Wheelbarrow
18:23 Horse Collar
18:33 Double-Bit Axe
18:42 Gold Mining
18:43 Stone Mining
24:55 Castle Age
23:26 Forging
27:31 Heavy Plow
28:19 Stone Shaft Mining
28:00 Bow Saw
28:51 Caravan
29:32 Iron Casting
28:58 Scale Mail Armor
29:04 Scale Barding Armor
30:18 Town Watch
30:19 Loom
34:59 Imperial Age
33:31 Man-at-Arms
33:34 Pikeman
35:25 Long Swordsman
41:01 Elite Conquistador
41:06 Two-Handed Swordsman
43:09 Hand Cart
44:00 Conscription
46:13 Blast Furnace
46:45 Halberdier
47:27 Squires
Nimble
0:34 Loom
12:35 Feudal Age
13:05 Double-Bit Axe
22:33 Castle Age
23:05 Wheelbarrow
23:00 Stone Mining
23:00 Gold Mining
23:38 Bow Saw
24:24 Horse Collar
26:09 Heavy Plow
33:47 Imperial Age
32:03 Fortified Wall
35:27 Two-Man Saw
36:25 Chemistry
36:43 Crop Rotation
38:08 Hand Cart
38:32 Gold Shaft Mining
39:29 Caravan
40:18 Stone Shaft Mining
40:39 Fletching
40:51 Padded Archer Armor
41:14 Ballistics
42:17 Bodkin Arrow
43:03 Bracer
43:19 Leather Archer Armor
43:05 Scale Mail Armor
43:15 Forging
44:58 Pikeman
45:24 Gambesons
45:39 Squires
45:25 Arson
46:00 Chain Mail Armor
46:16 Ring Archer Armor
46:18 Halberdier
47:38 Plate Mail Armor
47:43 Iron Casting
49:23 Treadmill Crane
49:38 Murder Holes
54:03 Conscription
53:44 Greek Fire
阳光男孩结城
0:33 Loom
15:23 Feudal Age
16:38 Horse Collar
16:44 Double-Bit Axe
18:16 Wheelbarrow
22:25 Gold Mining
22:25 Stone Mining
25:11 Castle Age
23:33 Fletching
27:40 Heavy Plow
27:51 Bow Saw
32:15 Imperial Age
30:33 Murder Holes
32:09 Fortified Wall
32:21 Ballistics
31:42 Treadmill Crane
34:19 Crop Rotation
35:50 Two-Man Saw
37:30 Chemistry
36:26 Bodkin Arrow
36:37 Scale Barding Armor
36:43 Forging
36:34 Scale Mail Armor
37:32 Gold Shaft Mining
37:33 Stone Shaft Mining
37:56 Hand Cart
38:12 Bracer
38:33 Chain Barding Armor
39:24 Guilds
40:05 Chain Mail Armor
40:26 Iron Casting
41:51 Arson
42:06 Squires
41:27 Pikeman
42:31 Conscription
42:22 Logistica
41:33 Elite Cataphract
42:49 Hoardings
42:51 Plate Mail Armor
42:56 Plate Barding Armor
43:09 Halberdier
45:31 Husbandry
44:52 Light Cavalry
44:57 Cavalier
44:57 Heavy Camel Rider
TORRES
13:16 Feudal Age
13:52 Double-Bit Axe
13:51 Horse Collar
19:23 Wheelbarrow
18:50 Stone Mining
21:53 Castle Age
20:33 Wheelbarrow
19:57 Gold Mining
21:54 Arson
22:35 Forging
22:15 Fletching
23:20 Bow Saw
23:14 Heavy Plow
23:52 Gold Shaft Mining
26:00 Hand Cart
26:34 Squires
29:12 Iron Casting
30:14 Town Watch
33:59 Town Patrol
36:54 Imperial Age
35:34 Town Patrol
36:10 Scale Mail Armor
38:55 Two-Man Saw
37:54 Bodkin Arrow
38:25 Caravan
38:53 Scale Barding Armor
39:49 Blast Furnace
38:50 Padded Archer Armor
40:12 Ballistics
40:07 Fortified Wall
39:54 Murder Holes
45:21 Elite Janissary
Sir Rubo
0:44 Loom
15:58 Feudal Age
19:53 Castle Age
18:57 Double-Bit Axe
19:07 Stone Mining
21:25 Caravan
27:32 Gold Mining
27:57 Bow Saw
28:32 Scale Barding Armor
28:39 Forging
29:13 Horse Collar
34:09 Imperial Age
32:08 Marauders
34:29 Husbandry
34:42 Bloodlines
35:12 Iron Casting
34:58 Chain Barding Armor
35:21 Ballistics
40:39 Blast Furnace
40:14 Plate Barding Armor
39:31 Fletching
39:41 Padded Archer Armor
39:05 Cavalier
40:42 Paladin
42:11 Parthian Tactics
41:51 Thumb Ring
41:07 Heavy Cavalry Archer
44:38 Conscription
43:39 Elite Tarkan
44:58 Bodkin Arrow
45:18 Leather Archer Armor
46:57 Wheelbarrow
48:44 Chemistry
47:39 Murder Holes
49:38 Bracer
hvon2749
15:54 Feudal Age
17:11 Wheelbarrow
16:25 Double-Bit Axe
16:24 Horse Collar
16:08 Man-at-Arms
18:49 Stone Mining
23:40 Castle Age
26:32 Heavy Plow
29:32 Bow Saw
36:26 Imperial Age
36:05 Hand Cart
36:22 Elite War Elephant
39:32 Gold Mining
40:18 Stone Shaft Mining
39:17 Heavy Scorpion
40:31 Kamandaran
42:14 Crossbowman
43:00 Thumb Ring
48:58 Onager
50:42 Chemistry
51:56 Forging
51:47 Scale Mail Armor
egaray346
1:19 Loom
19:41 Feudal Age
20:44 Town Watch
26:50 Wheelbarrow
26:43 Bloodlines
26:57 Gold Mining
27:01 Stone Mining
28:59 Scale Barding Armor
29:05 Forging
33:23 Castle Age
33:44 Horse Collar
33:55 Double-Bit Axe
36:05 Heavy Plow
36:19 Bow Saw
37:13 Husbandry
36:33 Light Cavalry
38:14 Chain Barding Armor
37:44 Fletching
38:33 Iron Casting
39:59 Szlachta Privileges
40:00 Town Patrol
40:50 Stone Shaft Mining
40:37 Hand Cart
40:36 Bodkin Arrow
42:05 Treadmill Crane
43:55 Scale Mail Armor
44:29 Ballistics
44:21 Masonry
44:08 Murder Holes
48:39 Imperial Age
46:45 Elite Skirmisher
49:38 Onager
Taz Mania
12:51 Feudal Age
13:30 Double-Bit Axe
13:28 Horse Collar
16:58 Wheelbarrow
17:41 Gold Mining
21:21 Castle Age
22:26 Fletching
22:59 Hand Cart
26:21 Fervor
26:49 Bow Saw
29:24 Bodkin Arrow
29:39 Thumb Ring
30:18 Heavy Plow
31:18 Caravan
34:33 Padded Archer Armor
36:10 Bloodlines
36:01 Husbandry
37:26 Gold Shaft Mining
37:04 Town Watch
40:37 Imperial Age
38:53 Ballistics
39:10 Murder Holes
40:58 Town Patrol
41:13 Town Patrol
41:24 Bracer
41:40 Leather Archer Armor
41:50 Conscription
42:53 Chemistry
43:16 Elite Mangudai
46:35 Elite Skirmisher
47:41 Parthian Tactics
49:33 Drill
Connection lost

Rejoining the realm…

Still unreachable

The connection could not be restored.

Session expired

The server has moved on; the page needs a fresh start.